 Dungeon Crawl Stone Soup version 0.32-a0-120-gfac0567ad4 (webtiles) character file.

Game seed: 864889777924024761

77 PriceMaster the Firebug (level 4, -2/27 HPs)
             Began as an Octopode Fire Elementalist on Feb 6, 2024.
             Slain by a gnoll
             ... wielding a +0 spear
              (6 damage)
             ... on level 3 of the Dungeon.
             The game lasted 00:04:09 (2495 turns).

PriceMaster the Firebug (OpFE)                      Turns: 2495, Time: 00:04:09

Health: -2/27      AC:  1    Str:  7    XL:     4   Next: 33%
Magic:  1/8        EV:  7    Int: 19    God:
Gold:   120        SH:  0    Dex: 12    Spells: 3/9 levels left

rFire   . . .        c - +1 dagger
rCold   . . .        (no shield)
rNeg    . . .        (helmet restricted)
rPois   .            (no amulet)
rElec   .            (no ring)
rCorr   .            (no ring)
SInv    .            (no ring)
Will    .....        (no ring)
Stlth   +++          (no ring)
HPRegen 0.24/turn    (no ring)
MPRegen 0.11/turn    (no ring)
                     (no ring)

%: no passive effects
@: held
A: almost no armour, amphibious, 8 rings, camouflage 1, gelatinous body 1,
(nimble swimmer 1), tentacles
a: no special abilities


You were on level 3 of the Dungeon.
You visited 1 branch of the dungeon, and saw 3 of its levels.

You collected 120 gold pieces.

Inventory:

Hand Weapons
 c - a +1 dagger (weapon)
Jewellery
 b - an amulet of the acrobat
Scrolls
 d - a scroll of identify {unknown}
 f - a scroll of noise {unknown}
 h - a scroll of fear {unknown}
Potions
 e - a potion of enlightenment {unknown}
 g - a potion of degeneration {unknown}
 i - a potion of attraction {unknown}
 j - a potion of heal wounds {unknown}


   Skills:
 + Level 0.1 Fighting
 + Level 2.2 Dodging
 + Level 3.0 Stealth
 + Level 3.1 Spellcasting
 + Level 1.3 Conjurations
 * Level 3.7 Fire Magic


You had 3 spell levels left.
You knew the following spells:

 Your Spells              Type           Power      Damage    Failure   Level
a - Foxfire               Conj/Fire      48%        2x1d6     5%          1
b - Scorch                Fire           34%        2d6       4%          2
c - Inner Flame           Hex/Fire       10%        N/A       21%         3

Your spell library contained the following spells:

 Spells                   Type           Power      Damage    Failure   Level
 Volatile Blastmotes      Fire/Tloc      20%        2d11      21%         3
 Gell's Gravitas          Tloc           2%         N/A       41%         3
 Teleport Other           Tloc           2%         N/A       41%         3
 Flame Wave               Conj/Fire      12%        2d6       45%         4
 Dispersal                Tloc           1%         N/A       100%        6


Dungeon Overview and Level Annotations

Branches:
Dungeon (3/15)

Altars:
Cheibriados


Innate Abilities, Weirdness & Mutations

You cannot wear most types of armour.
You are amphibious.
You can wear up to eight rings at the same time.
Your skin changes colour to match your surroundings (Stealth+).
Your rubbery body absorbs attacks. (AC +1, EV +1)
((You are camouflaged when in or above water. (Stealth+)))
You have tentacles for arms and can constrict up to eight enemies at once.


Message History

Casting: Inner Flame (quite dangerous; 21% risk of failure)
Confirm with . or Enter, or press ? or * to list all spells.
You conjure some foxfire!
The foxfire hits the gnoll.
The gnoll is heavily wounded.
The foxfire hits the gnoll.
The gnoll is severely wounded.
Casting: Foxfire (safe; 5% risk of failure)
Confirm with . or Enter, or press ? or * to list all spells.
You conjure some foxfire!
The gnoll hits you from afar with a +0 spear.
The gnoll misses you.
You feel yourself speed up.
The foxfire hits the gnoll.
The gnoll is severely wounded.
The gnoll hits you from afar with a +0 spear!
A gnoll comes into view.
It is wielding a +0 whip and quivering a throwing net.
The gnoll closely misses you.
The gnoll shouts!
You hit the gnoll. Your grab misses the gnoll. Your squeeze misses the gnoll.
The gnoll is almost dead.
You hear a shout!
The gnoll hits you with a +0 spear.
You barely miss the gnoll. Your grab misses the gnoll.
You tentacle-slap the gnoll, but do no damage.
The gnoll is almost dead.
A gnoll comes into view.
It is wielding a +0 flail and quivering 2 throwing nets.
Your magical contamination has completely faded away.
You hit the gnoll but do no damage. Your grab misses the gnoll.
The gnoll is almost dead.
The gnoll throws a throwing net.
The throwing net hits you.
You become entangled in the net!
The gnoll hits you with a +0 spear.
Unknown command.
You struggle against the net.
The gnoll hits you with a +0 spear!
* * * LOW HITPOINT WARNING * * *
Unknown command.
As you read the scroll labelled ZEANOR MININGANO, it crumbles to dust.
It is a scroll of enchant weapon.
Your +0 dagger glows red for a moment.
The gnoll hits you with a +0 spear.
You die...

##### #...# ##.#.# ####
...#.# #### ....#
####.##### .>####.?#.#
#.....## #..........
#####.##.##...g...#..
#### #.# ...#gg......
...# #.#####.#@....#.
##.#####................
#....[....[.#.#......##
#...........#.####...#
#.........<.+.. [..#
##..........#.## ....
###..........#.# ##.
#.......)....#.#
..############.#


You could see 3 gnolls.

Vanquished Creatures
  3 adders (D:2)
  A dart slug (D:3)
  4 ball pythons
  6 bats
  5 endoplasms
  2 giant cockroaches
  4 goblins
  5 hobgoblins
  4 quokkas
  2 frilled lizards (D:2)
  6 kobolds
  4 rats
46 creatures vanquished.

Vanquished Creatures (others)
  80 foxfires
80 creatures vanquished.

Grand Total: 126 creatures vanquished

Notes
Turn   | Place    | Note
-------+----------+-------------------------------------------
     0 | D:1      | PriceMaster the Octopode Fire Elementalist began the quest
                  | for the Orb.
     0 | D:1      | Reached XP level 1. HP: 11/11 MP: 3/3
   275 | D:1      | Reached XP level 2. HP: 17/17 MP: 3/5
   278 | D:1      | Learned a level 2 spell: Scorch
   923 | D:2      | Reached XP level 3. HP: 19/21 MP: 4/6
   927 | D:2      | Learned a level 3 spell: Inner Flame
  1926 | D:2      | Reached XP level 4. HP: 16/27 MP: 1/8
  2366 | D:3      | Found a snail-covered altar of Cheibriados.
  2495 | D:3      | Slain by a gnoll

Illustrated notes

Levels and vault maps discovered:
D:1:      dpeg_arrival_short_road, layout_basic
D:2:      layout_loops_ring, minmay_hexomino_c4
D:3:      layout_basic, mainiacjoe_overflow_boulevard

Skill      XL: |  1  2  3 |
---------------+----------+-----
Stealth        | 3 |  3.0
Spellcasting   | 3 |  3.1
Fighting       | |  0.1
Dodging        | |  2.2
Conjurations   | |  1.3
Fire Magic     | |  3.7

Action                     |  1- 3 |  4- 6 || total
---------------------------+-------+-------++-------
  Melee: Dagger            |    24 |     9 ||    33
         Tentacles         |     2 |     2 ||     4
         Constrict         |     4 |     2 ||     6
         Punch             |     1 |     2 ||     3
   Cast: Foxfire           |    32 |    15 ||    47
         Scorch            |     9 |     2 ||    11
         Inner Flame       |     3 |       ||     3
    Use: Scroll            |     3 |     1 ||     4
         Potion            |     1 |       ||     1
   Stab: Sleeping          |     3 |       ||     3
 Armour: Skin              |    11 |     6 ||    17
  Dodge: Dodged            |    17 |     7 ||    24

Table legend: (Time is in decaauts)
 A = Elapsed time spent in this place.
 B = Non-inter-level travel time spent in this place.
 C = Inter-level travel time spent in this place.
 D = Time resting spent in this place.
 E = Time spent auto-exploring this place.
 F = Levels seen in this place.
 G = Mean time per level.
                   A        B        C        D        E       F      G
               +--------+--------+--------+--------+--------+-----+--------+
         Total |   2496 |   2463 |     33 |    703 |   1416 |   3 |  832.0 |
       Dungeon |   2496 |   2463 |     33 |    703 |   1416 |   3 |  832.0 |
               +--------+--------+--------+--------+--------+-----+--------+

Top non-repeatable levels by time:
     D:2: 1430 daAuts
     D:1: 760 daAuts
     D:3: 305 daAuts
